 Dungeon Crawl Stone Soup version 0.28.0-45-g0d030f2227 (webtiles) character file.

Game seed: 17001840811883678333

919 Acheron the Ruffian (level 7, 0/65 HPs)
             Began as a Troll Hedge Wizard on Apr 2, 2022.
             Slain by Pikel
             ... wielding a +2 whip of freezing
              (16 damage)
             ... on level 5 of the Dungeon.
             The game lasted 00:20:37 (4050 turns).

Acheron the Ruffian (Troll Hedge Wizard)            Turns: 4050, Time: 00:20:38

Health: 0/65       AC:  5    Str: 25    XL:     7   Next: 83%
Magic:  9/9        EV: 14    Int: 10    God:
Gold:   202        SH:  0    Dex: 11    Spells: 5/10 levels left

rFire   . . .      SeeInvis .     - Unarmed
rCold   . . .      Faith    .   (no shield)
rNeg    . . .      Spirit   .   b - +0 robe
rPois   .          Reflect  .   c - +0 hat
rElec   .          Harm     .   x - +0 cloak
rCorr   .          Rampage  .   (gloves unavailable)
Will    .....                   (boots unavailable)
Stlth   ++........              (no amulet)
HPRegen 1.00/turn               o - +4 ring of evasion
MPRegen 0.11/turn               m - +6 ring of strength

@: hasted, very quick
A: large, unfitting armour, claws 3, regeneration 1, shaggy fur 1, tough skin 1
a: no special abilities


You were on level 5 of the Dungeon.
You visited 1 branch of the dungeon, and saw 6 of its levels.

You collected 382 gold pieces.
You spent 180 gold pieces at shops.

Inventory:

Hand Weapons
 p - a +0 war axe
 r - a +2 whip of venom
 u - a +2 dagger of holy wrath
Missiles
 l - 6 datura-tipped darts
 t - 5 large rocks (quivered)
Armour
 b - a +0 robe (worn)
 c - a +0 hat (worn)
 x - a +0 cloak (worn)
Jewellery
 i - a ring of protection from cold
 m - a +6 ring of strength (right claw)
 o - a +4 ring of evasion (left claw)
Wands
 s - a wand of iceblast (10)
Scrolls
 e - 2 scrolls of immolation
 f - 4 scrolls of teleportation
 j - 3 scrolls of identify
 n - 3 scrolls of magic mapping
 w - a scroll of noise {unknown}
Potions
 d - 2 potions of magic
 g - a potion of invisibility {unknown}
 h - 2 potions of mutation {unknown}
 k - a potion of resistance {unknown}
 q - a potion of lignification {unknown}
 v - a potion of curing


   Skills:
 * Level 2.0 Fighting
 * Level 1.5 Throwing
 * Level 3.4 Dodging
 * Level 2.1 Stealth
 * Level 5.3 Unarmed Combat
 + Level 2.2 Spellcasting
 * Level 1.8 Conjurations
 + Level 0.6 Summonings
 * Level 1.5 Translocations


You had 5 spell levels left.
You knew the following spells:

 Your Spells              Type           Power      Damage    Failure   Level
a - Magic Dart            Conj           16%        1d3       14%         1
b - Blink                 Tloc           8%         N/A       26%         2
c - Call Imp              Summ           2%         N/A       36%         2

Your spell library contained the following spells:

 Spells                   Type           Power      Damage    Failure   Level
 Slow                     Hex            4%         N/A       30%         1
 Conjure Flame            Conj/Fire      2%         6-21      54%         3
 Mephitic Cloud           Conj/Pois/Air  2%         N/A       56%         3
 Summon Lightning Spire   Summ/Air       1%         N/A       95%         4
 Airstrike                Air            0%         N/A       97%         4
 Lightning Bolt           Conj/Air       1%         1d12      99%         5


Dungeon Overview and Level Annotations

Branches:
Dungeon (6/15)
 Temple: D:4-7

Altars:
Dithmenos
Gozag

Shops:
D:3 :   D:5 (((?

Annotations:
D:3 2 runed translucent doors, exclusion: 2 downstairs, gnacko's ghost, amateur GrFE
D:4 exclusion: 2 downstairs, Edmund
D:5 Pikel


Innate Abilities, Weirdness & Mutations

You are too large for most types of armour.
You have claws for hands.
Your natural rate of healing is unusually fast.
You are covered in fur. (AC +1)
You have tough skin. (AC +1)


Message History

The lemure hits you!
There is a stone staircase leading up here.
You scratch the lemure but do no damage.
The lemure misses you.
Pikel drinks a potion.
Pikel seems to grow stronger.
You closely miss the lemure. The lemure barely misses you.
You completely miss the lemure. You barely miss Pikel. You claw Pikel!
Pikel is moderately wounded.
Pikel hits you with a +2 whip of freezing!
Pikel freezes you.
You barely miss Pikel.
Pikel is moderately wounded.
Pikel hits you with a +2 whip of freezing!
Pikel freezes you.
You miss Pikel.
Pikel is moderately wounded.
Pikel hits you with a +2 whip of freezing!
Pikel freezes you.
You barely miss Pikel.
Pikel is moderately wounded.
The orc wizard points at you and mumbles some strange words.
You resist with some effort.
Pikel hits you with a +2 whip of freezing.
Pikel freezes you.
You closely miss Pikel.
Pikel is moderately wounded.
Pikel cracks his whip.
Pikel hits you with a +2 whip of freezing.
* * * LOW HITPOINT WARNING * * *
Pikel freezes you.
* * * LOW HITPOINT WARNING * * *
Okay, then.
Pikel barely misses you.
You climb upwards.
There is a stone staircase leading down here.
Okay, then.
You feel yourself speed up.
Pikel hits you with a +2 whip of freezing!
You die...

######### #.......#
#...K...#
#############..@....#
#..........#........#
##..<...)...#.###.####
....[..............#
##.......####.####.#
#.......##.....##.#
###.....#.......#.#
###...[.#.......#.#
#..........._.....#


You could see Pikel (strong).

Vanquished Creatures
  A water moccasin (D:4)
  3 ogres
  A centaur (D:4)
  A wyvern zombie (D:4)
  A scorpion (D:5)
  2 hounds
  A jelly (D:5)
  An orc priest (D:4)
  2 scorpion zombies (D:5)
  3 orc wizards
  A howler monkey zombie (D:5)
  3 adders
  2 worms
  2 dart slugs (D:1)
  13 orcs
  7 ball pythons
  5 bats
  6 endoplasms
  A giant cockroach (D:4)
  5 goblins
  3 hobgoblins
  2 quokkas
  2 frilled lizards
  8 kobolds
  4 rats
80 creatures vanquished.

Vanquished Creatures (others)
  An orc wizard (D:5)
  4 fungi (D:4)
  4 toadstools (D:4)
9 creatures vanquished.

Grand Total: 89 creatures vanquished

Notes
Turn   | Place    | Note
-------+----------+-------------------------------------------
     0 | D:1      | Acheron the Troll Hedge Wizard began the quest for the Orb.
     0 | D:1      | Reached XP level 1. HP: 16/16 MP: 2/2
   220 | D:2      | Found a faded altar of an unknown god.
   325 | D:1      | Reached XP level 2. HP: 24/24 MP: 4/4
   328 | D:1      | Learned a level 2 spell: Blink
  1068 | D:4      | Noticed an ogre
  1177 | D:2      | Reached skill level 1 in Unarmed Combat
  1177 | D:2      | Reached XP level 3. HP: 32/32 MP: 5/5
  1466 | D:3      | Found an opulent altar of Gozag.
  1502 | D:3      | Found Ysen's Book Emporium.
  1618 | D:3      | Found a large runed translucent door.
  1618 | D:3      | Found a large runed translucent door.
  1620 | D:3      | Noticed gnacko's ghost (amateur GrFE)
  2075 | D:4      | Noticed Edmund
  2095 | D:4      | Killed an ogre
  2096 | D:4      | Reached skill level 2 in Unarmed Combat
  2096 | D:4      | Reached skill level 1 in Conjurations
  2096 | D:4      | Reached XP level 4. HP: 40/40 MP: 4/6
  2096 | D:4      | Reached XP level 5. HP: 46/46 MP: 4/7
  2097 | D:4      | Reached skill level 1 in Fighting
  2106 | D:3      | Reached skill level 3 in Unarmed Combat
  2125 | D:3      | Learned a level 2 spell: Call Imp
  2539 | D:5      | Entered Level 5 of the Dungeon
  2588 | D:5      | Noticed a centaur
  2761 | D:5      | Noticed an ogre
  2761 | D:5      | Found Dotacom's Magic Scroll Boutique.
  2761 | D:5      | Found Dyemanou's Antique Weapon Shop.
  2761 | D:5      | Found Epsiekh's Weapon Emporium.
  3259 | D:5      | Found Ecleid's Weapon Shop.
  3269 | D:5      | Reached XP level 6. HP: 55/55 MP: 8/8
  3302 | D:5      | Noticed a water moccasin
  3513 | D:4      | Killed a water moccasin
  3514 | D:4      | Reached skill level 4 in Unarmed Combat
  3514 | D:4      | Reached skill level 1 in Translocations
  3533 | D:4      | Reached skill level 1 in Throwing
  3533 | D:4      | Reached XP level 7. HP: 43/62 MP: 9/9
  3652 | D:5      | Found a shadowy altar of Dithmenos.
  3706 | D:5      | Bought a scroll of teleportation for 45 gold pieces
  3706 | D:5      | Bought a scroll of teleportation for 45 gold pieces
  3706 | D:5      | Bought 3 scrolls of identify for 90 gold pieces
  3727 | D:5      | Reached skill level 5 in Unarmed Combat
  4019 | D:6      | Noticed Pikel
  4050 | D:5      | Slain by Pikel

Illustrated notes

Levels and vault maps discovered:
D:1:      lemuel_arrival_cross, layout_basic
D:2:      layout_rooms, chequers_ecumenical_altar_simple_redux
D:3:      layout_basic, lemuel_doored_altar, ebering_ghost_disaster_area,
          serial_shops, nicolae_shop_advertising_works
          [nicolae_subvault_shop_adworks], nrook_uturn, kennysheep_donut
D:4:      layout_basic, minmay_gold_behind_fungi, kennysheep_flooded_box,
          chequers_serial_rivers_small_b, wad_floor_pattern_untrapped,
          minmay_misc_feat_doors, uniq_edmund
D:5:      layout_rooms, old_standard_altar, serial_shops, shop, shop, shop,
          nicolae_shop_bloodbath_and_beyond
D:6:      layout_basic, minmay_temple_entry_stoned_glass, gammafunk_ghost_grave,
          uniq_pikel

Skill      XL: |  1  2  3  4  5  6  7 |
---------------+----------------------+-----
Unarmed Combat | 1 2 3 4 5 |  5.3
Dodging        | 2 3 |  3.4
Conjurations   | 1 |  1.8
Fighting       | 1 2 |  2.0
Translocations | 1 |  1.5
Throwing       | 1 |  1.5
Stealth        | 2 |  2.1
Spellcasting   | |  2.2
Summonings     | |  0.6

Action                   |  1- 3 |  4- 6 |  7- 9 || total
-------------------------+-------+-------+-------++-------
Melee: Unarmed           |   109 |   101 |    72 ||   282
       Punch             |     2 |     3 |     3 ||     8
Throw: Large rock        |       |     1 |     2 ||     3
 Cast: Magic Dart        |     1 |       |       ||     1
  Use: Scroll            |     6 |     3 |       ||     9
       Potion            |       |     4 |     3 ||     7
 Stab: Sleeping          |     4 |       |     1 ||     5
Armor: Robe              |    27 |    21 |    14 ||    62
Dodge: Dodged            |    54 |    88 |    41 ||   183
